Map: Ascension to Aiur LE

Players

Patience

  • Race: Protoss Protoss
  • Spawn Location: 5:00

LiquidMaNa (MaNa) - Winner!

  • Race: Protoss Protoss
  • League: Master
  • Spawn Location: 11:00

Event: HomeStory Cup XVI

VOD

Have the link to the VOD?

Description

Time

  • Played on: Nov. 9, 2017, 2:53 p.m.
  • Length: 4:57

All games in this series

Show
View Real Time Build Order
Export as new Build Order

Patience Protoss 

Build Orders:  

Get SALT Encoding   

  12  0:02  Probe (Chrono Boost)  
  14  0:14  Probe (Chrono Boost)  
  14  0:18  Pylon  
  14  0:26  Probe (Chrono Boost)  
  15  0:32  Probe (Chrono Boost)  
  15  0:38  Gateway  
  15  0:40  Probe (Chrono Boost)  
  17  0:46  Assimilator  
  17  0:53  Probe (Chrono Boost)  
  17  0:55  Assimilator  
  18  1:01  Probe (Chrono Boost)  
  19  1:07  Gateway, Probe (Chrono Boost)  
  21  1:19  Probe (Chrono Boost)  
  21  1:26  Cybernetics Core  
  21  1:31  Probe (Chrono Boost)  
  22  1:34  Pylon  
  22  1:43  Probe (Chrono Boost)  
  22  1:45  Warp Gate  
  24  1:55  Probe (Chrono Boost)  
  24  2:02  Adept  
  24  2:03  Adept  
  24  2:07  Probe (Chrono Boost)  
  29  2:09  Pylon  
  29  2:19  Probe (Chrono Boost)  
  30  2:30  Stalker x2  
  30  2:32  Probe (Chrono Boost)  
  36  2:44  Probe (Chrono Boost)  
  36  2:56  Probe (Chrono Boost)  
  36  2:58  Nexus  
  37  3:05  Pylon  
  37  3:09  Probe (Chrono Boost)  
  39  3:21  Probe (Chrono Boost)  
  39  3:28  Sentry x2  
  39  3:33  Probe (Chrono Boost)  
  44  3:43  Twilight Council  
  44  3:45  Probe (Chrono Boost)  
  45  3:53  Robotics Facility  
  46  3:57  Probe (Chrono Boost)  
  46  4:09  Probe (Chrono Boost)  
  47  4:10  Adept x2  
  47  4:13  Probe (Chrono Boost)  
  52  4:21  Probe (Chrono Boost)  
  54  4:25  Probe (Chrono Boost)  
  54  4:27  Shield Battery  
  54  4:32  Stalker x2  
  54  4:33  Probe (Chrono Boost)  
  54  4:37  Probe (Chrono Boost)  
  56  4:45  Probe (Chrono Boost)  
Show
View Real Time Build Order
Export as new Build Order

LiquidMaNa Protoss - Winner!

Build Orders: Blink Stalkers 

Get SALT Encoding   

  12  0:02  Probe (Chrono Boost)  
  14  0:14  Probe (Chrono Boost)  
  14  0:19  Pylon  
  14  0:26  Probe (Chrono Boost)  
  15  0:32  Probe (Chrono Boost)  
  15  0:38  Gateway  
  15  0:41  Probe (Chrono Boost)  
  16  0:46  Assimilator  
  17  0:53  Probe (Chrono Boost)  
  17  0:55  Assimilator  
  18  1:01  Probe (Chrono Boost)  
  19  1:07  Probe (Chrono Boost)  
  19  1:15  Gateway  
  21  1:19  Probe (Chrono Boost)  
  21  1:25  Cybernetics Core  
  21  1:31  Probe (Chrono Boost)  
  22  1:36  Pylon  
  22  1:43  Probe (Chrono Boost)  
  24  1:55  Probe (Chrono Boost)  
  24  2:02  Adept x2  
  24  2:03  Warp Gate  
  24  2:06  Pylon  
  29  2:09  Probe (Chrono Boost)  
  29  2:29  Stalker x2  
  33  2:33  Twilight Council  
  33  2:40  Blink  
  33  2:54  Gateway  
  33  2:59  Stalker x2  
  36  3:14  Pylon  
  36  3:30  Stalker  
  36  3:32  Stalker  
  40  3:47  Pylon  
  40  3:51  Shield Battery  
  40  4:00  Shield Battery  
  40  4:08  Stalker  
  42  4:11  Stalker x2  
  46  4:27  Pylon  
  46  4:32  Stalker  
  46  4:34  Stalker  
Tags
 
Add a new tag
Caveats
  • Supply blocks, unpowered buildings, or Contaminate may cause inaccurate times.
  • Supply counts are checked every 10 seconds.